 Dungeon Crawl Stone Soup version 0.29-a0-384-g6960b1960d (webtiles) character file.

Game seed: 3152155996623173629

163 Bruhh the Magician (level 5, -6/35 HPs)
             Began as a Djinni Earth Elementalist on May 7, 2022.
             Mangled by Grinder (9 damage)
             ... on level 3 of the Dungeon.
             The game lasted 00:03:00 (1924 turns).

Bruhh the Magician (Djinni Earth Elementalist)      Turns: 1924, Time: 00:03:01

Health: -6/35      AC:  4    Str:  5    XL:     5   Next: 73%
Gold:   97         EV: 12    Int: 19    God:
                   SH:  0    Dex: 15

rFire   + + .      SeeInvis .   i - staff of air
rCold   x . .      Faith    .   (no shield)
rNeg    . . .      Spirit   .   b - +0 robe
rPois   ∞          Reflect  .   (no helmet)
rElec   +          Harm     .   (no cloak)
rCorr   .          Rampage  .   (no gloves)
Will    .....                   (boots unavailable)
Stlth   +++.......              (no amulet)
HPRegen 0.11/turn               (no ring)
MPRegen 0.00/turn               (no ring)

@: brilliant, weak-willed, attractive, flying
A: sickness immunity, fire resistance 2, cold vulnerability 1, float, innate
caster, HP casting, extra vitality 1, iridescent scales 1, thin skeletal
structure 1, weak 1
a: no special abilities


You were on level 3 of the Dungeon.
You visited 1 branch of the dungeon, and saw 3 of its levels.

You collected 97 gold pieces.

Inventory:

Armour
 b - a +0 robe (worn)
Magical Staves
 i - a staff of air (weapon)
Scrolls
 h - 2 scrolls of teleportation {unknown}
Potions
 d - a potion of brilliance


   Skills:
 - Level 2.1 Dodging
 - Level 1.5 Stealth
 + Level 4.6 Spellcasting


You couldn't memorise any spells.
You knew the following spells:

 Your Spells              Type           Power      Damage    Failure   Level
a - Sandblast             Erth           66%        2d15      1%          1
b - Passwall              Tmut/Erth      27%        N/A       3%          2
c - Stone Arrow           Conj/Erth      66%        3d11      6%          3
d - Petrify               Tmut/Erth      33%        N/A       19%         4
e - Shock                 Conj/Air       100%       1d9       1%          1
f - Call Imp              Summ           33%        N/A       3%          2
Your spell library was empty.

Dungeon Overview and Level Annotations

Branches:
Dungeon (3/15)

Altars:

Shops:
D:2 (

Annotations:
D:3 Grinder


Innate Abilities, Weirdness & Mutations

You are immune to sickness and miasma.
You are immune to poison.
Your flesh is very heat resistant. (rF++)
You are vulnerable to cold. (rC-)
You float through the air rather than walking.
You learn spells naturally, not from books.
Your magical power is your life essence.
You have superior vitality. (+4 MHP)
You are partially covered in iridescent scales. (AC +2)
You have a somewhat thin skeletal structure. (Dex +2, Stealth+)
You are weak. (Str -2)


Message History

* * * LOW HITPOINT WARNING * * *
Unknown command.
Your magical contamination has completely faded away.
Grinder comes into view.
Grinder is nearby!
Grinder is nearby!
Grinder is nearby!
Grinder is nearby!
As you read the scroll labelled DODEKOI NOICS, it crumbles to dust.
It is a scroll of enchant weapon.
You aren't carrying any weapons that can be enchanted.
Grinder shouts!
Grinder hits you!
* * * LOW HITPOINT WARNING * * *
You writhe in agony.
* * * LOW HITPOINT WARNING * * *
Okay, then.
As you read the scroll labelled HINTIB UWEMA, it crumbles to dust.
The creatures around you are filled with an inner flame!
It was a scroll of immolation.
Grinder blinks!
Unknown command.
As you read the scroll labelled TIUFU ONNAERCHA, it crumbles to dust.
You feel a surge of unholy energy.
It was a scroll of torment.
The air fills with toxic fumes!
As you read the scroll labelled ICZETA FUASOPOYNG, it crumbles to dust.
It was a scroll of poison.
As you read the scroll labelled TOFELA PAKESMY, it crumbles to dust.
Magic quickly surges around you.
It was a scroll of vulnerability.
Unknown command.
It was a potion of brilliance.
You feel clever all of a sudden.
It was a potion of attraction.
You feel attractive to monsters. Grinder closely misses you.
It was a potion of mutation.
You feel extremely strange.
Your bones become slightly less dense.
Iridescent scales grow over part of your body.
You feel weaker. Grinder hits you!
You die...

.>. #..#..#.# .§§
####'###'### #§#
#..'.....'.. #§#
#..#.....#..
######§#######.....###
§# §§§§§§§§§#..#.....#..
§§§§#§#§§§§§#..#.....#..
§§§§§§§§§§#.#'####'####'
..:#.#@#...............
#§§§5####.............
###§§ ##............ ###
##+####'####† #..†..#..
#.....#.. #.....###
#.....# +.....+


You could see Grinder (inner flame, weak-willed).

Vanquished Creatures
  Ijyb (D:3)
  10 adders
  10 ball pythons
  An endoplasm (D:1)
  A giant cockroach (D:3)
  8 hobgoblins
  5 kobolds (D:2)
  4 bats
  A frilled lizard (D:3)
  6 goblins (D:2)
  4 rats
51 creatures vanquished.

Notes
Turn   | Place    | Note
-------+----------+-------------------------------------------
     0 | D:1      | Bruhh the Djinni Earth Elementalist began the quest for the
                  | Orb.
     0 | D:1      | Reached XP level 1. HP: 15/15 MP: 0/0
   234 | D:1      | Reached XP level 2. HP: 20/21 MP: 0/0
   267 | D:1      | Found a faded altar of an unknown god.
   299 | D:1      | You are sucked into a shaft and drop 1 floor!
   337 | D:2      | Reached skill level 3 in Spellcasting
   337 | D:2      | Reached XP level 3. HP: 24/25 MP: 0/0
   337 | D:2      | Learned a level 1 spell: Shock
   449 | D:2      | Found Qutzat's Antique Weapon Boutique.
  1113 | D:2      | Reached XP level 4. HP: 30/31 MP: 0/0
  1625 | D:3      | Reached skill level 4 in Spellcasting
  1682 | D:3      | Reached XP level 5. HP: 34/35 MP: 0/0
  1682 | D:3      | Learned a level 2 spell: Call Imp
  1760 | D:3      | Noticed Ijyb
  1770 | D:3      | Killed Ijyb
  1916 | D:3      | Noticed Grinder
  1924 | D:3      | Gained mutation: You have a somewhat thin skeletal
                  | structure. (Dex +2, Stealth+) [potion of mutation]
  1924 | D:3      | Gained mutation: You are partially covered in iridescent
                  | scales. (AC +2) [potion of mutation]
  1924 | D:3      | Gained mutation: You are weak. (Str -2) [potion of
                  | mutation]
  1924 | D:3      | Mangled by Grinder

Illustrated notes

Levels and vault maps discovered:
D:1:      lemuel_arrival_rhombus, layout_basic,
          shapermc_ecumenical_altar_mp_highgroup, serial_shops, shop,
          minmay_shallow_snake_nest
D:2:      cheibrodos_greedy_goblins, layout_basic, serial_shops,
          nicolae_shop_window_shopping, hangedman_decor_push,
          amcnicky_mini_corridor_feature
D:3:      layout_loops_cross, minmay_snake_closets, uniq_ijyb, uniq_grinder

Skill      XL: |  1  2  3  4 |
---------------+-------------+-----
Spellcasting   | 3 4 |  4.6
Dodging        | |  2.1
Stealth        | |  1.5

Action                   |  1- 3 |  4- 6 || total
-------------------------+-------+-------++-------
Melee: Unarmed           |     1 |       ||     1
       Staff             |       |     6 ||     6
 Cast: Sandblast         |    26 |    25 ||    51
       Shock             |       |     9 ||     9
       Stone Arrow       |       |     6 ||     6
  Use: Scroll            |       |     5 ||     5
       Potion            |       |     3 ||     3
Armor: Robe              |       |     5 ||     5
Dodge: Dodged            |     6 |    16 ||    22

Table legend: (Time is in decaauts)
 A = Elapsed time spent in this place.
 B = Non-inter-level travel time spent in this place.
 C = Inter-level travel time spent in this place.
 D = Time resting spent in this place.
 E = Time spent auto-exploring this place.
 F = Levels seen in this place.
 G = Mean time per level.
                   A        B        C        D        E       F      G
               +--------+--------+--------+--------+--------+-----+--------+
         Total |   1924 |   1905 |     19 |      0 |   1664 |   3 |  641.3 |
       Dungeon |   1924 |   1905 |     19 |      0 |   1664 |   3 |  641.3 |
               +--------+--------+--------+--------+--------+-----+--------+

Top non-repeatable levels by time:
     D:2: 1193 daAuts
     D:3: 432 daAuts
     D:1: 299 daAuts
